 Dungeon Crawl Stone Soup version 0.30.1-3-gfc49f6343a (webtiles) character file.

Game seed: 4579647824938082356

6875 safid the Nimble (level 11, -8/75 (86) HPs)
             Began as a Merfolk Ice Elementalist on Aug 4, 2023.
             Was an Elder of Vehumet.
             Killed from afar by Josephine (39 damage)
             ... with a ghostly fireball
             ... on level 10 of the Dungeon.
             The game lasted 00:19:03 (10375 turns).

safid the Nimble (Merfolk Ice Elementalist)        Turns: 10375, Time: 00:19:03

HP:   -8/75 (86)    AC: 14    Str:  9    XL:     11   Next: 6%
MP:   15/22         EV: 18    Int: 18    God:    Vehumet [****..]
Gold: 411           SH:  0    Dex: 15    Spells: 15/25 levels left

rFire   . . .        d - +2 trident (venom)
rCold   + . .        (no shield)
rNeg    . . .        A - +2 robe {Will+}
rPois   .            (no helmet)
rElec   .            c - +0 cloak
rCorr   .            (no gloves)
SInv    .            t - +0 pair of boots
Will    ++...        (no amulet)
Stlth   +++          g - ring of willpower
HPRegen 0.32/turn    r - ring of protection from cold
MPRegen 0.18/turn

%: no passive effects
@: ice-armoured, freezing walls, heavily drained
A: (nimble swimmer 2), mertail
a: Renounce Religion


You were on level 10 of the Dungeon.
You worshipped Vehumet.
Vehumet was greatly pleased with you.
You visited 1 branch of the dungeon, and saw 11 of its levels.

You collected 510 gold pieces.
You spent 99 gold pieces at shops.

Inventory:

Hand Weapons
 d - a +2 trident of venom (weapon)
Armour
 c - a +0 cloak (worn)
 t - a +0 pair of boots (worn)
 A - a +2 robe of willpower (worn)
Jewellery
 g - a ring of willpower (left hand)
 n - a ring of wizardry
 r - a ring of protection from cold (right hand)
 z - a ring of flight
Wands
 v - a wand of iceblast (8)
 y - a wand of flame (22)
Scrolls
 h - a scroll of fog
 k - 2 scrolls of fear
 o - 2 scrolls of teleportation
 q - 2 scrolls of amnesia
Potions
 b - a potion of magic
 e - 2 potions of resistance
 f - 8 potions of curing
 i - a potion of lignification
 j - a potion of flight
 l - 2 potions of invisibility
 p - a potion of might
 w - a potion of ambrosia
 x - a potion of mutation


   Skills:
 + Level 8.2 Fighting
 + Level 11.1 Dodging
 - Level 5.0 Stealth
 + Level 7.8 Spellcasting
 + Level 10.1 Ice Magic


You had 15 spell levels left.
You knew the following spells:

 Your Spells              Type           Power      Damage    Failure   Level
a - Freeze                Ice            100%       1d10      1%          1
b - Frozen Ramparts       Ice            86%        1d13      1%          3
c - Ozocubu's Armour      Ice            43%        N/A       1%          3
d - Hailstorm             Conj/Ice       25%        3d7       1%          3

Your spell library contained the following spells:

 Spells                   Type           Power      Damage    Failure   Level
 Fulminant Prism          Conj/Hex       3%         3d5       24%         4
 Dazzling Flash           Conj/Hex       14%        N/A       9%          3
 Volatile Blastmotes      Fire/Tloc      14%        2d11      9%          3
 Ice Form                 Ice/Tmut       25%        N/A       12%         4
 Summon Ice Beast         Ice/Summ       25%        N/A       12%         4
 Blink                    Tloc           14%        N/A       16%         2
 Iskenderun's Mystic Bla  Conj/Tloc      7%         2d4       24%         4
 Call Canine Familiar     Summ           7%         N/A       30%         3
 Portal Projectile        Hex/Tloc       14%        N/A       30%         3
 Leda's Liquefaction      Hex/Erth       3%         N/A       69%         4
 Manifold Assault         Tloc           7%         N/A       69%         4
 Simulacrum               Ice/Necr       12%        N/A       88%         6
 Starburst                Conj/Fire      3%         6d3       97%         6
 Storm Form               Tmut/Air       3%         N/A       100%        7
 Chain Lightning          Conj/Air       3%         3d4       100%        9
 Fire Storm               Conj/Fire      3%         8d1       100%        9
 Shatter                  Erth           3%         3d7*      100%        9


Dungeon Overview and Level Annotations

Branches:
Dungeon (11/15)            Temple (0/1) D:5
   Lair: D:8-11         Orc: D:9-12

Altars:
Ashenzari
Cheibriados
Dithmenos
Fedhas
Makhleb
Nemelex Xobeh
Uskayaw
Vehumet

Shops:
D:5 **

Annotations:
D:10 Josephine


Innate Abilities, Weirdness & Mutations

((You are very nimble when in or above water. (Stealth+, EV+, Speed+++)))
Your lower body shifts to a powerful aquatic tail in water.


Message History

The wraith is heavily damaged.
The wraith resists.
The wall freezes the wraith.
The wraith completely misses you.
The wall freezes the wraith but does no damage.
The wall freezes Josephine.
The wraith resists.
The wall freezes the wraith.
The wraith misses you.
You hit the wraith.
The wraith is severely damaged.
The wraith resists.
The wall freezes the wraith.
The wraith barely misses you.
The wraith resists.
The wall freezes the wraith.
The wall freezes Josephine.
The wraith resists.
The wall freezes the wraith.
Unknown command.
You barely miss Josephine.
Josephine is lightly wounded.
The frozen ramparts melt away.
Josephine completely misses you. Josephine hits you but does no damage.
You are electrocuted!
Unknown command.
Unknown command.
Casting: Ozocubu's Armour (safe; 1% risk of failure)
Confirm with . or Enter, or press ? or * to list all spells.
Casting: Frozen Ramparts (safe; 1% risk of failure)
Press: ? - help, Dir - look around, f - activate The walls around you are covered in ice.
You feel yourself speed up.
The wraith resists.
The wall freezes the wraith.
The wraith resists.
The wall freezes the wraith.
The wall freezes Josephine.
Josephine points at you and mumbles some strange words.
The ghostly flame explodes!
The ghostly fireball engulfs you!!!
You feel drained.
The ghostly fireball engulfs Josephine.
Josephine completely resists.
Unknown command.
You puncture Josephine! You punch Josephine.
Josephine is moderately wounded.
The wall freezes the wraith but does no damage. x2
The wall freezes Josephine!
Josephine gestures at you while chanting.
The ghostly flame explodes!
The ghostly fireball engulfs you!!!
You feel drained.
Ouch! That really hurt!
You die...

...................
...................
####...........####
#...........#
#...........#
#...........#
#....../....#
#..........W#####..##
#..........W@@......#
#.....#########......
#.....# ..... #@....#
.... .......# ...
..W....# .. .........
. .W.........


You could see Josephine and 2 wraiths.

Vanquished Creatures
  An ogre mage (D:11)
  A two-headed ogre (D:9)
  A cyclops (D:11)
  A manticore (D:11)
  An unseen horror zombie (D:8)
  A hornet (D:9)
  A shadow (D:9)
  3 yaks (D:9)
  2 acid dragons
  5 water moccasins
  A sky beast (D:7)
  4 black bears
  2 orc warriors
  2 ice beasts
  2 ogres
  2 centaurs (D:9)
  A phantom (D:5)
  2 bullfrogs
  2 scorpions (D:5)
  4 necrophages (D:8)
  2 wights (D:10)
  4 killer bees (D:11)
  5 howler monkeys
  3 jellies
  A hound (D:5)
  7 orc priests
  A sleepcap (D:5)
  Natasha (twice) (D:3)
  Terence (D:3)
  9 orc wizards
  An iguana (D:4)
  A howler monkey zombie (D:8)
  13 adders
  2 shadow imps
  2 white imps (D:8)
  3 ufetubi
  3 dart slugs
  36 orcs
  7 ball pythons
  5 bats
  10 endoplasms
  A giant cockroach (D:1)
  13 goblins
  11 hobgoblins
  9 jackals
  8 kobolds
  5 quokkas
  3 frilled lizards
  7 rats
214 creatures vanquished.

Notes
Turn   | Place    | Note
-------+----------+-------------------------------------------
     0 | D:1      | safid the Merfolk Ice Elementalist began the quest for the
                  | Orb.
     0 | D:1      | Reached XP level 1. HP: 13/13 MP: 3/3
   217 | D:1      | Reached skill level 3 in Dodging
   217 | D:1      | Reached XP level 2. HP: 17/19 MP: 0/5
   484 | D:1      | Reached XP level 3. HP: 20/24 MP: 4/6
   513 | D:1      | Learned a level 3 spell: Frozen Ramparts
  1394 | D:2      | Learned a level 3 spell: Ozocubu's Armour
  1416 | D:2      | Reached XP level 4. HP: 24/30 MP: 4/7
  1827 | D:2      | Found a radiant altar of Vehumet.
  1833 | D:2      | Became a worshipper of Vehumet
  2124 | D:3      | Reached skill level 5 in Ice Magic
  2244 | D:3      | Reached skill level 4 in Dodging
  2293 | D:3      | Found a shadowy altar of Dithmenos.
  2432 | D:3      | Noticed Terence
  2451 | D:3      | Killed Terence
  2452 | D:3      | Reached XP level 5. HP: 23/35 MP: 0/9
  2808 | D:3      | Noticed Natasha
  2828 | D:3      | Killed Natasha
  2934 | D:3      | Reached * piety under Vehumet
  2934 | D:3      | Offered knowledge of Shock by Vehumet.
  3058 | D:3      | Noticed Natasha
  3061 | D:3      | Killed Natasha
  3062 | D:3      | Reached XP level 6. HP: 41/41 MP: 3/10
  3478 | D:4      | Found a hide-covered altar of Uskayaw.
  3514 | D:4      | Learned a level 3 spell: Hailstorm
  3659 | D:4      | Found a sparkling altar of Nemelex Xobeh.
  3724 | D:4      | Noticed a black bear
  3738 | D:4      | Killed a black bear
  3739 | D:4      | Reached skill level 5 in Dodging
  3838 | D:4      | Noticed a black bear
  3851 | D:4      | Killed a black bear
  4038 | D:4      | Reached XP level 7. HP: 47/47 MP: 9/12
  4080 | D:4      | Reached skill level 1 in Fighting
  4479 | D:4      | Reached skill level 5 in Stealth
  4510 | D:5      | Entered Level 5 of the Dungeon
  4522 | D:5      | Reached ** piety under Vehumet
  4522 | D:5      | Offered knowledge of Searing Ray by Vehumet.
  4571 | D:5      | Found a staircase to the Ecumenical Temple.
  4691 | D:5      | Reached skill level 6 in Dodging
  4693 | D:5      | Reached XP level 8. HP: 34/57 MP: 2/14
  4973 | D:5      | Found Ifitux's Specific Store.
  4975 | D:5      | Found Dothiug's General Store.
  5013 | D:5      | Bought a scroll of identify for 22 gold pieces
  5013 | D:5      | Bought a scroll of identify for 22 gold pieces
  5013 | D:5      | Bought a scroll of identify for 22 gold pieces
  5013 | D:5      | Bought a potion of curing for 33 gold pieces
  5182 | D:5      | Found a snail-covered altar of Cheibriados.
  5297 | D:5      | Identified the +3 leather armour of Tempters {rElec rC-
                  | SInv}
  5759 | D:6      | Reached skill level 7 in Dodging
  5855 | D:6      | Reached skill level 5 in Spellcasting
  6021 | D:6      | Found a burning altar of Makhleb.
  6594 | D:7      | Reached XP level 9. HP: 66/66 MP: 13/16
  6862 | D:7      | Reached skill level 8 in Dodging
  6863 | D:7      | Reached skill level 5 in Fighting
  6864 | D:7      | Offered knowledge of Ignite Poison by Vehumet.
  7251 | D:8      | Reached *** piety under Vehumet
  7660 | D:8      | Found a radiant altar of Vehumet.
  8088 | D:8      | Found a blossoming altar of Fedhas.
  8174 | D:8      | Reached skill level 9 in Dodging
  8189 | D:8      | Reached XP level 10. HP: 35/77 MP: 15/19
  8386 | D:9      | Noticed a two-headed ogre
  8400 | D:9      | Killed a two-headed ogre
  8646 | D:9      | Offered knowledge of Fulminant Prism by Vehumet.
  8719 | D:9      | You fall into a shaft and drop 2 floors!
  8796 | D:11     | Noticed a manticore
  8814 | D:11     | Killed a manticore
  8815 | D:11     | Reached skill level 10 in Dodging
  9013 | D:11     | Noticed an ogre mage
  9018 | D:11     | Noticed a cyclops
  9022 | D:11     | Killed an ogre mage
  9027 | D:11     | Killed a cyclops
  9173 | D:10     | Entered Level 10 of the Dungeon
  9173 | D:10     | Noticed a gargoyle
  9356 | D:9      | Paralysed by a hornet for 2 turns
  9506 | D:9      | Reached **** piety under Vehumet
  9508 | D:9      | Reached skill level 10 in Ice Magic
  9508 | D:9      | Reached XP level 11. HP: 33/86 MP: 15/22
  9524 | D:9      | Reached skill level 11 in Dodging
 10222 | D:10     | Found a broken altar of Ashenzari.
 10359 | D:10     | Noticed Josephine
 10375 | D:10     | Killed from afar by Josephine

Illustrated notes

Levels and vault maps discovered:
D:1:      nzn_arrival_crosshair, layout_basic, minmay_surrounded
D:2:      layout_basic, basic_altar, nicolae_concentric_dashed_squares_mild
D:3:      layout_loops_ring, nicolae_dithmenos_the_darkroom,
          dreamdust_princess_bridge, uniq_terence, uniq_natasha
D:4:      layout_gridville, mainiacjoe_overflow_24_doors,
          nemelex_dance_club_becter
D:5:      layout_layer_cave, chei_slow_surprise,
          minmay_temple_entry_stoned_glass, grunt_ministairs_6,
          nicolae_specific_store, dreamdust_princess_corridor
D:6:      layout_loops_ring, makhleb_grotto_becter
D:7:      layout_loops_cross
D:8:      layout_loops_cross, fedhas_altar_decomposition, vehumet_altar_wand_db
D:9:      layout_loops_cross, minivault_26
D:10:     layout_irregular_city, dreamdust_divine_triumvirate,
          evilmike_ruin_ashenzari, guppyfry_shop_venom, uniq_josephine
D:11:     minmay_inside_and_out, layout_basic

Skill      XL: |  1  2  3  4  5  6  7  8  9 10 11 |
---------------+----------------------------------+-----
Dodging        | 3 4 5 6 7 9 10 11 | 11.1
Stealth        | 3 4 5 |  5.0
Ice Magic      | 5 6 7 8 10 | 10.1
Spellcasting   | 3 4 5 6 7 |  7.8
Fighting       | 2 4 6 8 |  8.2

Action                     |  1- 3 |  4- 6 |  7- 9 | 10-12 || total
---------------------------+-------+-------+-------+-------++-------
  Melee: Club              |     8 |       |       |       ||     8
         Unarmed           |     2 |       |       |       ||     2
         Dagger            |    40 |   136 |     3 |       ||   179
         Punch             |     1 |     1 |     2 |     2 ||     6
         Trident           |       |       |   165 |    67 ||   232
   Cast: Freeze            |    44 |    40 |     4 |     6 ||    94
         Frozen Ramparts   |     1 |    14 |    40 |    19 ||    74
         Ozocubu's Armour  |       |     8 |    30 |    16 ||    54
         Hailstorm         |       |       |     2 |       ||     2
    Use: Potion            |       |       |     1 |     3 ||     4
         Scroll            |       |       |     9 |     6 ||    15
   Stab: Sleeping          |     2 |     7 |     4 |       ||    13
 Armour: Robe              |    19 |    68 |   104 |    50 ||   241
  Dodge: Dodged            |    65 |   138 |   246 |   112 ||   561
